 Dungeon Crawl Stone Soup version 0.22-a0-247-gbddf880 (webtiles) character file.

7690 omnomnOMINOUS the Cleaver (level 11, -6/99 HPs)
             Began as a Hill Orc Monk on Feb 23, 2018.
             Was a Priest of Beogh.
             Mangled by a minotaur (23 damage)
             ... in a labyrinth on Feb 26, 2018.
             The game lasted 00:29:58 (13231 turns).

omnomnOMINOUS the Cleaver (Hill Orc Monk)          Turns: 13231, Time: 00:29:59

Health: -6/99      AC: 10    Str: 17    XL:     11   Next: 19%
Magic:  18/18      EV: 17    Int: 11    God:    Beogh [***...]
Gold:   615        SH:  0    Dex: 13    Spells: 12/14 levels left

rFire    . . .     SeeInvis .   a - +2 war axe (chop)
rCold    . . .     Gourm    .   (no shield)
rNeg     . . .     Faith    .   u - +1 ring mail {MR+}
rPois    .         Spirit   .   G - +0 hat {MR+}
rElec    .         Reflect  .   E - +0 cloak
rCorr    .         Harm     .   (no gloves)
MR       +++..                  v - +0 pair of boots
Stlth    +.........             (no amulet)
HPRegen  0.26/turn              g - ring of protection from magic
MPRegen  0.16/turn              n - +6 ring of evasion

@: no status effects
A: no striking features
a: Smiting, Renounce Religion


You were in a labyrinth.
You worshipped Beogh.
Beogh was most pleased with you.
You were very hungry.

You visited 2 branches of the dungeon, and saw 12 of its levels.
You also visited: Labyrinth.

You collected 615 gold pieces.

Inventory:

Hand Weapons
 a - a +2 war axe of chopping (weapon)
 b - a +2 hand axe of freezing
 c - a +2 dagger of venom
 d - a +0 scimitar of flaming
Missiles
 w - 8 needles of confusion
Armour
 r - a +2 robe of cold resistance
 u - a +1 ring mail of magic resistance (worn)
 v - a +0 pair of boots (worn)
 E - a +0 cloak (worn)
 G - a +0 hat of magic resistance (worn)
Jewellery
 g - a ring of protection from magic (left hand)
 k - an uncursed amulet of faith
 n - a +6 ring of evasion (right hand)
 s - a +2 ring of intelligence
 C - an uncursed ring of positive energy
Wands
 t - a wand of iceblast (8)
 x - a wand of polymorph (18)
 y - a wand of disintegration (16)
 B - a wand of paralysis (13)
Scrolls
 f - a scroll of immolation
 h - a scroll of amnesia
 m - 4 scrolls of enchant weapon
 p - 10 scrolls of teleportation
 q - 3 scrolls of remove curse
 A - a scroll of fear {unknown}
Potions
 e - 3 potions of flight
 i - 4 potions of curing
 j - a potion of invisibility {unknown}
 l - 3 potions of lignification
 z - a potion of cancellation
 F - a potion of heal wounds
 H - a potion of berserk rage {unknown}
Miscellaneous
 I - a phantom mirror
Comestibles
 o - 24 rations


   Skills:
 + Level 9.7 Fighting
 * Level 13.9 Axes
 + Level 8.2 Armour
 - Level 2.4 Dodging
 - Level 1.5 Stealth
 - Level 2.0 Spellcasting
 + Level 9.3 Invocations


You had 12 spell levels left.
You knew the following spells:

 Your Spells              Type           Power        Failure   Level  Hunger
a - Throw Flame           Conj/Fire      #.....       58%         2    ###....


Dungeon Overview and Level Annotations

Branches:
Dungeon (11/15)            Temple (1/1) D:7            Lair (0/6) D:11
    Orc: D:9-12

Altars:
Ashenzari
Cheibriados
Dithmenos
Elyvilon
Fedhas
Gozag
Hepliaklqana
Kikubaaqudgha
Makhleb
Nemelex Xobeh
Qazlal
Ru
Sif Muna
Trog
Uskayaw
Vehumet
Wu Jian
Xom
Yredelemnul
Zin
The Shining One

Shops:
D:5 =   D:8 =   D:10 (

Annotations:
D:3 Calypsia's ghost, amateur DrCj


Message History

The minotaur is almost dead.
The minotaur hits you! The minotaur gores you!
You hit the minotaur but do no damage.
The minotaur is almost dead.
The minotaur hits you.
The minotaur gores you but does no damage.
You barely miss the minotaur.
The minotaur is almost dead.
You feel less wooden.
Your +0 cloak unmelds from your body.
Your +0 hat of magic resistance unmelds from your body.
Your +0 pair of boots unmelds from your body.
Your +1 ring mail of magic resistance unmelds from your body.
You feel resistant to hostile enchantments. x2
The minotaur completely misses you. The minotaur gores you!
* * * LOW HITPOINT WARNING * * *
You hit the minotaur but do no damage.
The minotaur is almost dead.
The minotaur hits you!!
You die...

. # . ## #
. . . ##
.## ≈ .≈ ..
. .
..≈..≈...
###. # ≈
≈.≈ ≈ .<.
.. .. ...
.≈ #H#####
#.≈..≈≈≈ .
#.@...# .
≈≈ ⌠ ..
#####.## .
≈ ≈≈≈≈ #
#.. .≈. . ≈
# #####. .
. . #
.....#.#...
. ## # ##.
### #.#. .
.# #.. #.#
# #. ### #
. . . .#.


You could see a minotaur.

Vanquished Creatures
  Gastronok (D:8)
  Erica (D:8)
  2 two-headed ogres
  Grinder (D:6)
  A hippogriff (D:9)
  A vampire (D:9)
  Sigmund (D:3)
  A wyvern (D:9)
  2 water moccasins
  3 orc warriors
  2 sky beasts
  A black bear (D:8)
  2 ogres
  7 centaurs
  A big kobold (D:7)
  5 bullfrogs
  A water moccasin zombie (D:10)
  2 scorpions
  A howler monkey (D:4)
  5 crimson imps
  A centaur zombie (D:8)
  A quasit (D:8)
  6 hounds
  9 jellies
  4 orc priests
  A centaur skeleton (D:9)
  2 bullfrog skeletons
  3 iguanas
  3 orc wizards
  3 worker ants
  2 hound skeletons
  A hound zombie (D:8)
  4 gnolls
  12 adders
  3 shadow imps
  4 oozes
  3 adder skeletons
  4 worms
  A dart slug (D:2)
  2 leopard geckos
  22 orcs
  8 bats
  9 giant cockroaches
  6 goblins
  7 hobgoblins
  15 jackals
  6 quokkas
  2 ball pythons (D:3)
  4 frilled lizards
  A goblin skeleton (D:6)
  A goblin zombie (D:6)
  2 hobgoblin zombies (D:6)
  10 kobolds
  2 kobold skeletons (D:6)
  A leopard gecko skeleton (D:5)
  An orc skeleton (D:6)
  2 orc zombies (D:6)
  6 rats
  A spectral orc (D:5)
216 creatures vanquished.

Vanquished Creatures (collateral kills)
  A water moccasin (D:10)
  An adder (D:9)
  3 oozes (D:10)
5 creatures vanquished.

Vanquished Creatures (others)
  An orc priest (D:3)
  4 orcs
5 creatures vanquished.

Grand Total: 226 creatures vanquished

Notes
Turn   | Place    | Note
-------+----------+-------------------------------------------
     0 | D:1      | omnomnOMINOUS the Hill Orc Monk began the quest for the Orb.
     0 | D:1      | Reached XP level 1. HP: 19/19 MP: 1/1
    62 | D:1      | Reached XP level 2. HP: 11/27 MP: 2/2
   463 | D:1      | Reached skill level 1 in Armour
   577 | D:1      | Reached XP level 3. HP: 33/33 MP: 3/3
  1124 | D:2      | Reached skill level 5 in Axes
  1330 | D:2      | Reached XP level 4. HP: 25/40 MP: 5/5
  1718 | D:2      | Reached skill level 1 in Spellcasting
  2578 | D:3      | Found an opulent altar of Gozag.
  2603 | D:3      | Found a sacrificial altar of Ru.
  2623 | D:3      | Reached XP level 5. HP: 26/47 MP: 6/6
  3336 | D:3      | Became a worshipper of Beogh the Brigand
  3336 | D:3      | Reached * piety under Beogh
  3336 | D:3      | Reached ** piety under Beogh
  3342 | D:3      | Noticed Calypsia's ghost (amateur DrCj)
  3918 | D:3      | Noticed Sigmund
  4046 | D:3      | Killed Sigmund
  4046 | D:3      | Reached skill level 6 in Axes
  4046 | D:3      | Reached skill level 1 in Invocations
  4046 | D:3      | Reached XP level 6. HP: 26/55 MP: 8/8
  4951 | D:4      | Reached skill level 5 in Fighting
  4951 | D:4      | Reached skill level 7 in Axes
  4951 | D:4      | Reached XP level 7. HP: 41/61 MP: 10/10
  6034 | D:5      | Entered Level 5 of the Dungeon
  6296 | D:4      | Reached skill level 8 in Axes
  6296 | D:4      | Reached XP level 8. HP: 62/70 MP: 11/11
  6438 | D:5      | Found a shattered altar of Ashenzari.
  6441 | D:5      | Found a white marble altar of Elyvilon.
  6976 | D:5      | Found Vuikh's Jewellery Boutique.
  7022 | D:5      | Reached skill level 9 in Axes
  7426 | D:5      | Found a basalt altar of Yredelemnul.
  7656 | D:5      | Found a glowing golden altar of the Shining One.
  7772 | D:5      | Found a radiant altar of Vehumet.
  7847 | D:6      | Found a glowing golden altar of the Shining One.
  7939 | D:6      | Reached skill level 5 in Invocations
  8011 | D:6      | Reached skill level 5 in Armour
  8164 | D:6      | Noticed Grinder
  8198 | D:6      | Killed Grinder
  8198 | D:6      | Reached skill level 10 in Axes
  8198 | D:6      | Reached XP level 9. HP: 62/78 MP: 11/13
  9188 | D:7      | Found a hazy altar of Hepliaklqana.
  9348 | D:7      | Found a staircase to the Ecumenical Temple.
  9493 | Temple   | Entered the Ecumenical Temple
  9862 | D:8      | Noticed Gastronok
 10303 | D:8      | Reached skill level 11 in Axes
 10750 | D:8      | Found a bloodstained altar of Trog.
 11074 | D:8      | Noticed Erica
 11088 | D:8      | Killed Erica
 11088 | D:8      | Reached XP level 10. HP: 72/88 MP: 11/15
 11092 | D:8      | Reached skill level 12 in Axes
 11157 | D:8      | Found Opaulu's Jewellery Emporium.
 11174 | D:8      | Killed Gastronok
 11473 | D:8      | Got a smoking halberd
 11474 | D:8      | Identified the cursed +0 halberd of Debt {pain, rC+ MR+} (You found it on level 8 of the Dungeon)
 11683 | D:9      | Identified Sif Muna's Collected Works on Damaging Calling
 11688 | D:9      | Learned a level 2 spell: Throw Flame
 11778 | D:9      | Reached skill level 13 in Axes
 12302 | D:9      | Reached *** piety under Beogh
 12475 | D:10     | Entered Level 10 of the Dungeon
 12629 | D:10     | Noticed a two-headed ogre
 12638 | D:10     | Killed a two-headed ogre
 12638 | D:10     | Reached XP level 11. HP: 64/97 MP: 14/17
 12875 | D:10     | Found Nedoserr's Antique Weapon Shop.
 12927 | D:10     | Gained Margrim as an ally
 12966 | D:11     | Found a labyrinth entrance.
 12967 | D:11     | Noticed a two-headed ogre
 12968 | D:11     | Found a staircase to the Lair.
 12974 | D:11     | Killed a two-headed ogre
 12981 | Lab      | Entered a labyrinth
 13203 | Lab      | Noticed a minotaur
 13231 | Lab      | Mangled by a minotaur

Vault maps used:
D:1:      dpeg_arrival_line_fractal, minmay_splitting_lines
D:2:      wad_lake_hut
D:3:      lemuel_coloured_pillars_altar, nicolae_ru_great_annihilating_truth,
          nicolae_overflow_crystal_walls, uniq_sigmund
D:4:      first_ration, serial_forest, infiniplex_forest_end_2,
          infiniplex_forest_clump_small, infiniplex_forest_clump_double,
          infiniplex_forest_fountain, infiniplex_forest_lined_2,
          infiniplex_forest_lined_3_way
D:5:      chequers_temple_overflow_statue_of_worship,
          yredelemnul_forgotten_temple_becter, minitemple, serial_shops, shop,
          corexii_item_surrounded_by_moat
D:6:      nicolae_tso_besieged_by_evil, uniq_grinder
D:7:      kennysheep_little_box, minmay_temple_entry_hall, hex_tiny
D:8:      bloody_trog, serial_shops, shop, uniq_gastronok, uniq_erica
D:10:     serial_shops, shop_statue, hangedman_little_slice_of_home
D:11:     david_lair_shrubbed, lab_entry_generic, serial_shops, shop, uniq_snorg
Temple:   minmay_temple_bridge_abc
Lab:      labyrinth_skeletal_remains, labyrinth_fake_exit, nicolae_lab_hexagon,
          nicolae_lab_flowing_pool

Skill      XL: |  1  2  3  4  5  6  7  8  9 10 |
---------------+-------------------------------+-----
Armour         | 1 2 3 5 6 8 |  8.2
Fighting       | 4 5 6 8 9 |  9.7
Axes           | 5 6 7 8 10 11 13 | 13.9
Spellcasting   | 1 2 |  2.0
Invocations    | 1 2 3 5 7 9 |  9.3
Dodging        | |  2.4
Stealth        | |  1.5

Action                   |  1- 3 |  4- 6 |  7- 9 | 10-12 || total
-------------------------+-------+-------+-------+-------++-------
Melee: Hand axe          |   129 |   255 |   438 |       ||   822
       Dagger            |       |     5 |       |       ||     5
       War axe           |       |       |    59 |   167 ||   226
Invok: Convert to Beogh  |       |     1 |       |       ||     1
       Smiting           |       |     2 |     5 |     2 ||     9
  Use: Scroll            |       |     3 |     5 |     6 ||    14
       Potion            |       |       |       |     2 ||     2
 Stab: Sleeping          |     7 |     4 |     3 |       ||    14
       Paralysed         |       |     4 |       |       ||     4
  Eat: Chunk             |     1 |    12 |    17 |     5 ||    35
       Ration            |       |       |     1 |       ||     1
Armor: Robe              |    31 |    56 |    75 |       ||   162
       Ring mail         |       |       |    47 |    26 ||    73
       Skin              |       |       |       |    27 ||    27
Dodge: Dodged            |    78 |   179 |   317 |   111 ||   685

Table legend:
 A = Spawn XP
 B = Non-spawn XP
 C = Spawn XP percentage of total XP
 D = Spawn monster count
 E = Non-spawn monster count
 F = Spawn count percentage of total count
 G = Total turns spent on level
                    A         B        C        D         E        F      G
               +---------+---------+-------+---------+---------+-------+---------
         Total |       0 |   10986 |   0.0 |       0 |     221 |   0.0 | 13231
               +---------+---------+-------+---------+---------+-------+---------
           D:1 |       0 |      36 |   0.0 |       0 |      16 |   0.0 |   766
           D:2 |       0 |      81 |   0.0 |       0 |      20 |   0.0 |  1998
           D:3 |       0 |     370 |   0.0 |       0 |      35 |   0.0 |  1772
           D:4 |       0 |     516 |   0.0 |       0 |      16 |   0.0 |  1543
           D:5 |       0 |     950 |   0.0 |       0 |      27 |   0.0 |  1745
           D:6 |       0 |     898 |   0.0 |       0 |      29 |   0.0 |  1070
           D:7 |       0 |     313 |   0.0 |       0 |      13 |   0.0 |  1316
           D:8 |       0 |    4120 |   0.0 |       0 |      22 |   0.0 |  1244
           D:9 |       0 |    1510 |   0.0 |       0 |      24 |   0.0 |   797
          D:10 |       0 |    1494 |   0.0 |       0 |      18 |   0.0 |   483
          D:11 |       0 |     698 |   0.0 |       0 |       1 |   0.0 |    23
               +---------+---------+-------+---------+---------+-------+---------
